 Dungeon Crawl Stone Soup version 0.27-a0-1036-g8e1b44f6bd (webtiles) character file.

Game seed: 5238055711361502812

2635 vurker the Thaumaturge (level 9, -3/68 HPs)
             Began as a Djinni Fire Elementalist on Apr 18, 2021.
             Slain by a hornet zombie (13 damage)
             ... on level 7 of the Dungeon.
             The game lasted 00:10:27 (9340 turns).

vurker the Thaumaturge (Djinni Fire Elementalist)   Turns: 9340, Time: 00:10:27

Health: -3/68      AC:  2    Str:  7    XL:     9   Next: 61%
Gold:   168        EV: 12    Int: 19    God:
                   SH:  5    Dex: 15

rFire    + + .     SeeInvis .   A - +3 short sword (vamp)
rCold    x . .     Faith    .   (no shield)
rNeg     . . .     Spirit   .   a - +0 robe
rPois    ∞         Reflect  +   c - +0 hat
rElec    .         Harm     .   (no cloak)
rCorr    .         Rampage  .   (no gloves)
Will     .....                  (boots unavailable)
Stlth    ++........             z - amulet of reflection
HPRegen  0.21/turn              (no ring)
MPRegen  0.00/turn              (no ring)

@: flying
A: fire resistance 2, cold vulnerability 1, float, innate caster, hp casting,
extra vitality 1
a: no special abilities


You were on level 7 of the Dungeon.
You visited 2 branches of the dungeon, and saw 8 of its levels.

You collected 283 gold pieces.
You spent 115 gold pieces at shops.

Inventory:

Hand Weapons
 A - a +3 vampiric short sword (weapon)
   (You took it off an orc on level 6 of the Dungeon)
Armour
 a - a +0 robe (worn)
 c - a +0 hat (worn)
   (You found it on level 7 of the Dungeon)
Jewellery
 z - an amulet of reflection (around neck)
   (You found it on level 5 of the Dungeon)
Wands
 r - a wand of mindburst (26)
   (You found it on level 3 of the Dungeon)
 t - a wand of flame (14)
   (You found it on level 5 of the Dungeon)
 u - a wand of paralysis (10)
   (You took it off Ijyb on level 3 of the Dungeon)
Scrolls
 b - 6 scrolls of identify {unknown}
 f - a scroll of fog {unknown}
 i - a scroll of silence {unknown}
 j - a scroll of fear {unknown}
 l - 4 scrolls of enchant armour {unknown}
 m - a scroll of enchant weapon {unknown}
 n - a scroll of noise {unknown}
 p - a scroll of vulnerability {unknown}
 s - a scroll of blinking
 v - 2 scrolls of amnesia {unknown}
 w - a scroll of summoning {unknown}
 x - 2 scrolls of teleportation
 y - a scroll of torment {unknown}
Potions
 d - 3 potions of curing
 e - 2 potions of might {unknown}
 h - 3 potions of flight {unknown}
 k - a potion of ambrosia {unknown}
 o - a potion of heal wounds {unknown}
 q - a potion of magic {unknown}


   Skills:
 + Level 7.2 Fighting
 - Level 2.1 Dodging
 - Level 1.5 Stealth
 * Level 9.2 Spellcasting


You couldn't memorise any spells.
You knew the following spells:

 Your Spells              Type           Power      Damage    Failure   Level
a - Foxfire               Conj/Fire      100%       2x1d9     1%          1
b - Conjure Flame         Conj/Fire      44%        6-21      1%          3
c - Inner Flame           Hex/Fire       44%        N/A       1%          3
d - Summon Guardian Gole  Hex/Summ       44%        N/A       1%          3
e - Ice Form              Ice/Tmut       44%        N/A       1%          4
f - Summon Small Mammal   Summ           100%       N/A       1%          1
g - Slow                  Hex            44%        N/A       1%          2
q - Sticky Flame          Conj/Fire      44%        2d6       1%          4
z - Fireball              Conj/Fire      22%        3d10      4%          5
Your spell library was empty.

Dungeon Overview and Level Annotations

Branches:
Dungeon (7/15)             Temple (1/1) D:5

Altars:
Ashenzari
Cheibriados
Dithmenos
Fedhas
Hepliaklqana
Kikubaaqudgha
Makhleb
Okawaru
Qazlal
Ru
Trog
Uskayaw
Vehumet
Wu Jian
Xom
Yredelemnul
Zin
The Shining One
Lugonu

Shops:
D:2 =   D:3 [   D:4 ?

Annotations:
D:5 3 runed translucent doors, exclusion: statue, Verendum's ghost, amateur OpAK


Innate Abilities, Weirdness & Mutations

You are immune to poison.
Your flesh is very heat resistant. (rF++)
You are vulnerable to cold. (rC-)
You float through the air rather than walking.
You learn spells naturally, not from books.
Your magical power is your life essence.
You have superior vitality. (+4 HP)


Message History

You conjure some foxfire!
You conjure some foxfire!
The foxfire hits Joseph.
The foxfire hits Joseph but does no damage.
The foxfire hits Joseph.
You conjure some foxfire!
The foxfire hits Joseph but does no damage.
The foxfire hits Joseph.
The foxfire hits Joseph!
You conjure some foxfire!
The foxfire hits Joseph. x2
A hornet zombie comes into view.
You conjure some foxfire!
The foxfire hits Joseph. x2
You conjure some foxfire!
The foxfire hits Joseph. x2
Joseph shoots a sling bullet.
The sling bullet hits you!
You conjure some foxfire!
The foxfire hits the hornet zombie but does no damage.
You conjure some foxfire!
The foxfire hits Joseph. x2
The foxfire hits Joseph!
Joseph shoots a sling bullet.
The sling bullet hits you!
* * * LOW HITPOINT WARNING * * *
You conjure some foxfire!
* * * LOW HITPOINT WARNING * * *
The foxfire hits the hornet zombie but does no damage.
The foxfire hits the hornet zombie!
The foxfire hits Joseph.
The hornet zombie hits you!
* * * LOW HITPOINT WARNING * * *
Aim: Joseph, wielding a +0 hunting sling, wearing a +0 leather armour and quivering sling bullets (almost dead, 100% to hit)
The sticky flame hits Joseph.
Joseph is covered in liquid flames!
* * * LOW HITPOINT WARNING * * *
Joseph burns!
You kill Joseph!
The foxfire hits the hornet zombie but does no damage.
The hornet zombie hits you.
* * * LOW HITPOINT WARNING * * *
Your Fighting skill increases to level 7!
Your Spellcasting skill increases to level 9!
Aim: a hornet zombie (lightly damaged, 100% to hit)
Okay, then.
Unknown command.
Aim: a hornet zombie (lightly damaged, 100% to hit)
The sticky flame hits the hornet zombie!
The hornet zombie is covered in liquid flames!
* * * LOW HITPOINT WARNING * * *
The hornet zombie burns!
The hornet zombie barely misses you. You block the hornet zombie's attack.
The hornet zombie burns!
The hornet zombie burns!
Aim: a hornet zombie (heavily damaged, covered in liquid flames, chance to affect: 56%)
The hornet zombie resists with significant effort.
The hornet zombie burns!
The hornet zombie barely misses you. The hornet zombie hits you!
You die...

... ...? ..#
...##...##..
...#..... .......
#.... ..###...# #
.......$### .#
......)...#.##...
......##Z@.......
.....# #.##......
(...# #..# ##...
.... ##..# .. ....
#..## # ..... #..#
.## ....##.## ...#
... #..#..##.....
......#............


You could see a hornet zombie (burning).

Vanquished Creatures
  Pikel (D:7)
  Joseph (D:7)
  Sigmund (D:2)
  A black bear (D:4)
  4 orc warriors (D:5)
  An ogre (D:6)
  3 lemures
  A bullfrog (D:5)
  2 gnoll sergeants (D:5)
  2 scorpions (D:6)
  A water moccasin skeleton (D:4)
  A howler monkey (D:3)
  A bullfrog zombie (D:5)
  6 hounds
  A jelly (D:6)
  2 centaur zombies
  An orc priest (D:5)
  2 bullfrog skeletons (D:5)
  Jessica (D:3)
  An iguana (D:6)
  An orc wizard (D:6)
  Ijyb (D:3)
  2 hound zombies (D:5)
  A hound skeleton (D:5)
  3 gnolls (D:3)
  11 adders
  A shadow imp (D:6)
  A white imp (D:6)
  2 worms
  4 dart slugs
  11 orcs
  4 endoplasms
  2 giant cockroaches
  9 goblins
  2 hobgoblins
  5 jackals
  4 quokkas (D:1)
  8 ball pythons
  6 bats
  12 kobolds
  2 rats (D:1)
126 creatures vanquished.

Vanquished Creatures (others)
  775 foxfires
775 creatures vanquished.

Grand Total: 901 creatures vanquished

Notes
Turn   | Place    | Note
-------+----------+-------------------------------------------
     0 | D:1      | vurker the Djinni Fire Elementalist began the quest for the
                  | Orb.
     0 | D:1      | Reached XP level 1. HP: 15/15 MP: 0/0
   436 | D:1      | Reached skill level 3 in Spellcasting
   436 | D:1      | Reached XP level 2. HP: 20/22 MP: 0/0
   494 | D:1      | Reached skill level 1 in Fighting
   954 | D:1      | Reached XP level 3. HP: 26/27 MP: 0/0
   954 | D:1      | Learned a level 1 spell: Summon Small Mammal
  1028 | D:1      | Found a faded altar of an unknown god.
  1725 | D:2      | Found Zarphieza's Jewellery Shop.
  1727 | D:2      | Noticed Sigmund
  1734 | D:2      | Killed Sigmund
  1735 | D:2      | Reached skill level 4 in Spellcasting
  1735 | D:2      | Reached XP level 4. HP: 26/34 MP: 0/0
  1735 | D:2      | Reached XP level 5. HP: 31/40 MP: 0/0
  1735 | D:2      | Learned a level 2 spell: Slow
  2731 | D:3      | Reached XP level 6. HP: 41/46 MP: 0/0
  3326 | D:3      | Noticed Ijyb
  3333 | D:3      | Killed Ijyb
  3334 | D:3      | Reached skill level 5 in Spellcasting
  3707 | D:3      | Found Ohywuj's Armour Boutique.
  4286 | D:3      | Noticed Jessica
  4299 | D:3      | Killed Jessica
  4414 | D:4      | Found Riojuesk's Magic Scroll Boutique.
  4418 | D:4      | Bought a scroll of blinking for 82 gold pieces
  4418 | D:4      | Bought a scroll of teleportation for 33 gold pieces
  4652 | D:4      | Found a burning altar of Makhleb.
  4879 | D:4      | Reached XP level 7. HP: 28/51 MP: 0/0
  4879 | D:4      | Learned a level 3 spell: Summon Guardian Golem
  5274 | D:4      | Found a bloodstained altar of Trog.
  5290 | D:4      | Found a glowing silver altar of Zin.
  5305 | D:5      | Entered Level 5 of the Dungeon
  5350 | D:5      | Found a sacrificial altar of Ru.
  5375 | D:5      | Found a runed translucent gate.
  5375 | D:5      | Found a runed translucent gate.
  5375 | D:5      | Found a runed translucent gate.
  5375 | D:5      | Noticed Verendum's ghost (amateur OpAK)
  5377 | D:5      | Found a basalt altar of Yredelemnul.
  5402 | D:5      | Reached skill level 6 in Spellcasting
  5958 | D:5      | Found a shadowy altar of Dithmenos.
  6464 | D:5      | Reached XP level 8. HP: 35/58 MP: 0/0
  6591 | D:5      | Reached skill level 5 in Fighting
  6965 | D:5      | Found a staircase to the Ecumenical Temple.
  6983 | Temple   | Entered the Ecumenical Temple
  7095 | D:5      | Reached skill level 7 in Spellcasting
  8481 | D:6      | Reached skill level 8 in Spellcasting
  8724 | D:6      | Reached XP level 9. HP: 62/66 MP: 0/0
  8724 | D:6      | Learned a level 4 spell: Ice Form
  8964 | D:6      | Found a blossoming altar of Fedhas.
  9032 | D:6      | Found an iron altar of Okawaru.
  9036 | D:6      | Found a shimmering altar of Xom.
  9036 | D:6      | Found a broken altar of Ashenzari.
  9254 | D:7      | Noticed Pikel
  9261 | D:7      | Killed Pikel
  9324 | D:7      | Noticed Joseph
  9336 | D:7      | Killed Joseph
  9337 | D:7      | Reached skill level 9 in Spellcasting
  9340 | D:7      | Slain by a hornet zombie

Illustrated notes

Levels and vault maps discovered:
D:1:      minmay_arrival_shoal_huts, layout_loops_ring,
          shapermc_ecumenical_altar_mp_vishouse
D:2:      layout_basic, serial_shops, nicolae_shop_statue_plus, uniq_sigmund
D:3:      layout_loops_ring, serial_shops, nicolae_shop_behind_doors,
          minmay_snake_closets, uniq_jessica, uniq_ijyb
D:4:      layout_basic, bloody_makhleb, zin_scriptorium, marbit_many_paths,
          serial_shops, shop_statue
D:5:      layout_loops_ring, grunt_dithmenos_smoke, kennysheep_little_box,
          nicolae_yredelemnul_ghost_church, vehumet_statue,
          minmay_temple_entry_sparse_star, minmay_holes, wad_woods_river_04,
          st_stairs_12, sword_in_stone, uniq_pikel
D:6:      layout_cave_pools, grunt_temple_overflow_open
D:7:      layout_cave_pools, uniq_joseph
Temple:   corrupted_temple

Skill      XL: |  1  2  3  4  5  6  7  8  9 |
---------------+----------------------------+-----
Spellcasting   | 3 4 5 6 8 9 |  9.2
Fighting       | 1 2 3 4 6 7 |  7.2
Dodging        | |  2.1
Stealth        | |  1.5

Action                   |  1- 3 |  4- 6 |  7- 9 || total
-------------------------+-------+-------+-------++-------
Melee: Dagger            |     1 |     5 |     2 ||     8
 Cast: Foxfire           |    75 |   172 |   246 ||   493
       Sticky Flame      |       |       |    10 ||    10
Evoke: Wand              |       |       |     1 ||     1
 Stab: Sleeping          |     1 |     1 |       ||     2
Armor: Robe              |     2 |     2 |     3 ||     7
Dodge: Dodged            |     8 |    18 |    39 ||    65
Block: Other             |       |       |     2 ||     2

Table legend: (Time is in decaauts)
 A = Elapsed time spent in this place.
 B = Non-inter-level travel time spent in this place.
 C = Inter-level travel time spent in this place.
 D = Time resting spent in this place.
 E = Time spent auto-exploring this place.
 F = Levels seen in this place.
 G = Mean time per level.
                   A        B        C        D        E       F      G
               +--------+--------+--------+--------+--------+-----+--------+
         Total |   9341 |   9105 |    236 |    436 |   7624 |   8 | 1167.6 |
       Dungeon |   9293 |   9068 |    225 |    436 |   7593 |   7 | 1327.6 |
        Temple |     48 |     37 |     11 |      0 |     31 |   1 |   48.0 |
               +--------+--------+--------+--------+--------+-----+--------+

Top non-repeatable levels by time:
     D:5: 2674 daAuts
     D:1: 1592 daAuts
     D:3: 1532 daAuts
     D:4: 1301 daAuts
     D:2: 1289 daAuts
     D:6: 817 daAuts
     D:7: 85 daAuts
  Temple: 48 daAuts
